 Dungeon Crawl Stone Soup version 0.29-a0-468-ge57f7f99b4 (webtiles) character file.

Game seed: 2494697555421557655

133 avis the Chopper (level 5, -2/47 HPs)
             Began as a Hill Orc Monk on May 21, 2022.
             Was a Believer of Beogh.
             Slain by an orc priest
             ... wielding a +0 flail
              (5 damage)
             ... on level 4 of the Dungeon.
             The game lasted 00:09:14 (2076 turns).

avis the Chopper (Hill Orc Monk)                    Turns: 2076, Time: 00:09:18

Health: -2/47      AC:  8    Str: 16    XL:     5   Next: 16%
Magic:  6/6        EV: 10    Int: 10    God:    Beogh [**....]
Gold:   111        SH:  0    Dex: 13    Spells: 4/4 levels left

rFire   + . .      SeeInvis .   a - +0 hand axe
rCold   + . .      Faith    .   (no shield)
rNeg    . . .      Spirit   .   d - +0 scale mail
rPois   +          Reflect  .   (no helmet)
rElec   +          Harm     .   (no cloak)
rCorr   +          Rampage  .   n - +0 pair of gloves
Will    .....                   l - +0 pair of boots
Stlth   ..........              (no amulet)
HPRegen 0.15/turn               (no ring)
MPRegen 0.10/turn               (no ring)

@: resistant
A: no striking features
a: Renounce Religion, Smiting


You were on level 4 of the Dungeon.
You worshipped Beogh.
Beogh was pleased with you.
You visited 1 branch of the dungeon, and saw 4 of its levels.

You collected 111 gold pieces.

Inventory:

Hand Weapons
 a - a +0 hand axe (weapon)
 b - a +0 hunting sling
 v - a +3 dagger
Missiles
 j - 2 boomerangs
Armour
 d - a +0 scale mail (worn)
 l - a +0 pair of boots (worn)
 n - a +0 pair of gloves (worn)
 o - a +0 ring mail
Scrolls
 e - a scroll of acquirement {unknown}
 f - 3 scrolls of brand weapon {unknown}
 h - 2 scrolls of identify {unknown}
 i - 2 scrolls of teleportation {unknown}
 k - a scroll of immolation {unknown}
 r - a scroll of blinking {unknown}
 u - a scroll of amnesia {unknown}
Potions
 g - a potion of might {unknown}
 m - a potion of resistance
 p - a potion of brilliance {unknown}
 q - 2 potions of curing {unknown}
 s - a potion of flight {unknown}
 t - a potion of degeneration {unknown}


   Skills:
 + Level 4.7 Fighting
 * Level 6.1 Axes
 - Level 1.0 Armour
 - Level 2.4 Dodging
 - Level 1.5 Stealth
 - Level 2.0 Invocations


You had 4 spell levels left.
You didn't know any spells.
Your spell library contained the following spells:

 Spells                   Type           Power      Damage    Failure   Level
 Shock                    Conj/Air       0%         1d3       80%         1
 Swiftness                Air            0%         N/A       99%         3
 Airstrike                Air            0%         N/A       100%        4


Dungeon Overview and Level Annotations

Branches:
Dungeon (4/15)
 Temple: D:4-7

Altars:

Annotations:
D:3 Grinder
D:4 amulet in glass case


Message History

You bump into the rock wall.
You feel less invigorated.
You feel less confused. The orc wizard misses you.
The orc hits you with a +0 mace. The orc priest misses you.
The orc hits you from afar with a +0 trident.
You hit the orc priest.
The orc priest is heavily wounded.
You closely miss the orc wizard. You barely miss the orc.
The orc wizard hits you but does no damage.
The orc hits you with a +0 mace.
* * * LOW HITPOINT WARNING * * *
The orc barely misses you.
The orc priest calls upon Beogh to heal the orc wizard.
The orc wizard's wounds heal themselves!
You barely miss the orc priest.
The orc priest is heavily wounded.
You closely miss the orc. You closely miss the orc wizard.
The orc wizard closely misses you. The orc closely misses you.
The orc hits you from afar with a +0 trident.
* * * LOW HITPOINT WARNING * * *
The orc priest closely misses you.
You hit the orc priest but do no damage.
The orc priest is heavily wounded.
You barely miss the orc. You hit the orc wizard.
The orc wizard mumbles some strange words.
The orc wizard flickers and vanishes!
Deactivating autopickup; reactivate with Ctrl-A.
The orc hits you but does no damage.
The orc priest hits you with a +0 flail!
* * * LOW HITPOINT WARNING * * *
The orc closely misses you.
It was a potion of resistance.
You feel protected.
You hear some strange, mumbled words.
A magic dart appears from out of thin air!
The magic dart hits you but does no damage.
The orc closely misses you.
The orc priest hits you with a +0 flail.
You die...
Beogh appreciates the orc priest's killing of a heretic priest.

.. .# # .#.# #.#.#
#....### ##.#o....#
######.##{....#
#.....>.@o....#
#.####.####.##o...>..
#.....#............##
######.######....###
#.# ..#.# #[# #..#.#
#)# ####..#.# #.#
#.......# #.#
#.##..#.#


You could see an orc priest and 2 orcs.

Vanquished Creatures
  An orc priest (D:4)
  An iguana (D:4)
  2 orc wizards (D:4)
  An adder (D:4)
  A worm (D:4)
  A dart slug (D:3)
  3 ball pythons
  6 endoplasms
  2 giant cockroaches (D:1)
  2 goblins
  2 hobgoblins (D:1)
  2 quokkas
  2 bats (D:1)
  4 frilled lizards (D:1)
  4 kobolds (D:1)
  2 rats (D:1)
36 creatures vanquished.

Vanquished Creatures (others)
  An iguana (D:4)
  An orc wizard (D:4)
  3 orcs (D:4)
  An endoplasm (D:4)
  2 kobolds (D:4)
8 creatures vanquished.

Grand Total: 44 creatures vanquished

Notes
Turn   | Place    | Note
-------+----------+-------------------------------------------
     0 | D:1      | avis the Hill Orc Monk began the quest for the Orb.
     0 | D:1      | Reached XP level 1. HP: 19/19 MP: 1/1
   440 | D:1      | Reached XP level 2. HP: 23/27 MP: 2/2
   909 | D:1      | Reached skill level 1 in Armour
  1065 | D:1      | Reached XP level 3. HP: 33/33 MP: 3/3
  1223 | D:2      | You fall into a shaft and drop 2 floors!
  1250 | D:4      | Reached skill level 5 in Axes
  1252 | D:4      | Became a worshipper of Beogh the Brigand
  1252 | D:4      | Reached * piety under Beogh
  1252 | D:4      | Reached ** piety under Beogh
  1549 | D:4      | Reached skill level 1 in Invocations
  1549 | D:4      | Reached XP level 4. HP: 24/41 MP: 4/4
  1755 | D:3      | Noticed Grinder
  1795 | D:4      | Reached skill level 6 in Axes
  1850 | D:4      | Reached XP level 5. HP: 16/47 MP: 6/6
  2076 | D:4      | Slain by an orc priest

Illustrated notes

Levels and vault maps discovered:
D:1:      dpeg_arrival_houses_and_road, layout_basic,
          hangedman_abyss_or_decor_lesser_grid
D:2:      layout_basic, serial_shops,
          nicolae_shop_temple_entry_statues_fountains, serial_forest,
          infiniplex_forest_lined_2, infiniplex_forest_straight_3,
          infiniplex_forest_corner_1, infiniplex_forest_clump_diagonal,
          infiniplex_forest_clump_cross, infiniplex_forest_lined_ring,
          infiniplex_forest_lined_room_3, infiniplex_forest_split,
          nicolae_concentric_dashed_squares_mild, uniq_terence
D:3:      layout_basic, chequers_ecumenical_altar_simple_redux,
          roderic_three_in_a_row, uniq_grinder, uniq_natasha, uniq_sigmund,
          uniq_ijyb, uniq_crazy_yiuf_cottage
D:4:      layout_loops_ring, minmay_surrounded

Skill      XL: |  1  2  3  4 |
---------------+-------------+-----
Fighting       | 4 |  4.7
Armour         | 1 |  1.0
Axes           | 5 6 |  6.1
Invocations    | 1 2 |  2.0
Dodging        | |  2.4
Stealth        | |  1.5

Action                   |  1- 3 |  4- 6 || total
-------------------------+-------+-------++-------
Melee: Hand axe          |   107 |    63 ||   170
       Punch             |     1 |     1 ||     2
 Fire: Hunting sling     |     6 |       ||     6
Invok: Convert to Beogh  |     1 |       ||     1
  Use: Potion            |       |     3 ||     3
Armor: Scale mail        |    56 |    39 ||    95
Dodge: Dodged            |    41 |    31 ||    72

Table legend: (Time is in decaauts)
 A = Elapsed time spent in this place.
 B = Non-inter-level travel time spent in this place.
 C = Inter-level travel time spent in this place.
 D = Time resting spent in this place.
 E = Time spent auto-exploring this place.
 F = Levels seen in this place.
 G = Mean time per level.
                   A        B        C        D        E       F      G
               +--------+--------+--------+--------+--------+-----+--------+
         Total |   2083 |   1990 |     93 |    773 |    603 |   4 |  520.8 |
       Dungeon |   2083 |   1990 |     93 |    773 |    603 |   4 |  520.8 |
               +--------+--------+--------+--------+--------+-----+--------+

Top non-repeatable levels by time:
     D:1: 1188 daAuts
     D:4: 827 daAuts
     D:2: 40 daAuts
     D:3: 27 daAuts
